 Dungeon Crawl Stone Soup version 0.30.1-1-g62c8e00024 (webtiles) character file.

Game seed: 12773813549658210761

497 Cheops the Basher (level 6, 0/51 HPs)
             Began as a Minotaur Fighter on July 17, 2023.
             Was an Initiate of Ru.
             Constricted to death by Pikel (3 damage)
             ... on level 5 of the Dungeon.
             The game lasted 00:11:37 (4152 turns).

Cheops the Basher (Minotaur Fighter)                Turns: 4152, Time: 00:11:38

Health: 0/51       AC: 16    Str: 20    XL:     6   Next: 93%
Magic:  5/5        EV:  6    Int: 11    God:    Ru [......]
Gold:   108        SH:  4    Dex: 12    Spells: 5/5 levels left

rFire   . . .        a - +2 flail (protect)
rCold   . . .        l - +0 buckler
rNeg    . . .        n - +0 scale mail
rPois   .            (helmet restricted)
rElec   .            r - +1 cloak
rCorr   .            (no gloves)
SInv    .            (no boots)
Will    .....        (no amulet) Stlth
                     k - +6 ring of intelligence
HPRegen 0.28/turn    (no ring)
MPRegen 0.09/turn

%: no passive effects
@: grasped by roots, under a protective aura, constricted
A: horns 2, retaliatory headbutt
a: Renounce Religion


You were on level 5 of the Dungeon.
You worshipped Ru.
Ru was noncommittal.
You visited 2 branches of the dungeon, and saw 7 of its levels.

You collected 132 gold pieces.
You spent 24 gold pieces at shops.

Inventory:

Hand Weapons
 a - a +2 flail of protection (weapon)
 b - a +0 morningstar
 c - a +0 dagger of venom
 x - the +1 falchion of Ash {holy, rPois}
   (You found it on level 4 of the Dungeon)

   rPois:     It protects you from poison.
Armour
 l - a +0 buckler (worn)
 n - a +0 scale mail (worn)
 r - a +1 cloak (worn)
Jewellery
 k - a +6 ring of intelligence (left hand)
Wands
 p - a wand of paralysis (5)
Scrolls
 d - 2 scrolls of amnesia {unknown}
 e - a scroll of enchant armour {unknown}
 f - 2 scrolls of enchant weapon {unknown}
 h - 3 scrolls of fog {unknown}
 j - 5 scrolls of teleportation {unknown}
 m - a scroll of magic mapping
 u - a scroll of blinking
Potions
 g - a potion of attraction {unknown}
 i - a potion of resistance {unknown}
 o - a potion of cancellation {unknown}
 q - a potion of lignification
 s - a potion of magic
 t - a potion of haste
 v - a potion of berserk rage {unknown}
 w - a potion of ambrosia {unknown}
 z - 2 potions of degeneration {unknown}


   Skills:
 - Level 3.6 Fighting
 + Level 9.1 Maces & Flails
 - Level 3.6 Armour
 - Level 3.6 Shields


You had 5 spell levels left.
You didn't know any spells.
Your spell library contained the following spells:

 Spells                   Type           Power      Damage    Failure   Level
 Cigotuvi's Dreadful Rot  Necr/Pois/Air  0%         N/A       88%         2
 Ignite Poison            Fire/Tmut/Pois 0%         N/A       98%         3
 Petrify                  Tmut/Erth      0%         N/A       100%        4
 Freezing Cloud           Conj/Ice/Air   0%         6-21      100%        5
 Metabolic Englaciation   Hex/Ice        0%         N/A       100%        5
 Statue Form              Tmut/Erth      0%         N/A       100%        6


Dungeon Overview and Level Annotations

Branches:
Dungeon (6/15)             Temple (1/1) D:4

Altars:
Ashenzari
Cheibriados
Dithmenos
Elyvilon
Fedhas
Hepliaklqana
Kikubaaqudgha
Makhleb
Nemelex Xobeh
Okawaru
Qazlal
Ru
Sif Muna
Trog
Uskayaw
Vehumet
Wu Jian
Zin

Shops:
D:2 =:(**

Annotations:
D:5 Pikel


Innate Abilities, Weirdness & Mutations

You have a pair of horns on your head.
You reflexively headbutt those who attack you in melee.


Message History

Pikel is moderately wounded.
Pikel hits you with a +1 whip of freezing.
Pikel freezes you. The grasping roots constrict you.
Pikel hits you but does no damage. The grasping roots constrict you.
You closely miss Pikel.
Pikel is moderately wounded.
Pikel hits you but does no damage. The grasping roots constrict you.
You barely miss Pikel. You headbutt Pikel, but do no damage.
Pikel is moderately wounded.
Pikel hits you with a +1 whip of freezing.
* * * LOW HITPOINT WARNING * * *
Pikel freezes you.
* * * LOW HITPOINT WARNING * * *
The grasping roots constrict you.
* * * LOW HITPOINT WARNING * * *
You barely miss Pikel. You headbutt Pikel.
Pikel is moderately wounded.
Pikel hits you with a +1 whip of freezing.
* * * LOW HITPOINT WARNING * * *
Pikel freezes you.
* * * LOW HITPOINT WARNING * * *
The grasping roots constrict you!
* * * LOW HITPOINT WARNING * * *
Pikel hits you with a +1 whip of freezing.
* * * LOW HITPOINT WARNING * * *
Pikel freezes you.
* * * LOW HITPOINT WARNING * * *
The grasping roots constrict you.
* * * LOW HITPOINT WARNING * * *
The grasping roots release their grip on you.
You hit Pikel.
Your weapon exudes an aura of protection.
Pikel is moderately wounded.
Pikel zaps a wand.
The roots erupt in riotous growth!
The grasping roots grab you!
Pikel is unaffected.
The grasping roots constrict you.
You hit Pikel. Your headbutt misses Pikel.
Pikel is heavily wounded.
Pikel hits you but does no damage. The grasping roots constrict you.
You die...

#......... #.........
#........) #.........
##########.........
.........[.........
#.....####..###
#..........############.###
#.###'###...K@.............
... #.# #.#################
###5 ##.###..##########
..###5..'...........#
#.###K###.#########.# #.
#.# #..## #.# .. #'# #....
#.# ... ..##.# #.# ####..##
#.#


You could see Pikel (fast).

Vanquished Creatures
  Edmund (D:5)
  4 lemures
  A scorpion (D:4)
  A jelly (D:4)
  Jessica (D:3)
  Natasha (thrice) (D:4)
  4 gnolls (D:4)
  5 adders
  A worm (D:4)
  3 dart slugs
  16 orcs
  5 endoplasms
  4 giant cockroaches
  4 goblins
  8 hobgoblins
  2 jackals (D:4)
  3 quokkas
  6 ball pythons
  8 bats
  4 frilled lizards
  6 kobolds
  3 rats
93 creatures vanquished.

Notes
Turn   | Place    | Note
-------+----------+-------------------------------------------
     0 | D:1      | Cheops the Minotaur Fighter began the quest for the Orb.
     0 | D:1      | Reached XP level 1. HP: 19/19 MP: 0/0
   170 | D:1      | Reached skill level 3 in Maces & Flails
   295 | D:1      | Reached XP level 2. HP: 26/26 MP: 1/1
   829 | D:2      | Found Wony's Weapon Emporium.
   831 | D:2      | Found Eluukon's Assorted Antiques.
   834 | D:2      | Reached skill level 4 in Maces & Flails
   954 | D:2      | Found a faded altar of an unknown god.
   974 | D:2      | Found Gyrghupuf's General Store.
   977 | D:2      | Bought a scroll of identify for 24 gold pieces
   989 | D:2      | Reached XP level 3. HP: 31/31 MP: 2/2
  1259 | D:2      | Found Zice's Book Emporium.
  1267 | D:2      | Found Qiuzxyd's Jewellery Emporium.
  1535 | D:2      | Reached skill level 5 in Maces & Flails
  1712 | D:3      | Noticed Jessica
  1721 | D:3      | Killed Jessica
  1722 | D:3      | Reached XP level 4. HP: 10/39 MP: 3/3
  1890 | D:3      | Found a shadowy altar of Dithmenos.
  2005 | D:3      | Reached skill level 6 in Maces & Flails
  2307 | D:3      | Found a snail-covered altar of Cheibriados.
  2500 | D:4      | Reached XP level 5. HP: 41/45 MP: 4/4
  2809 | D:4      | Noticed Natasha
  2818 | D:4      | Killed Natasha
  2819 | D:4      | Reached skill level 7 in Maces & Flails
  2842 | D:4      | Identified the +1 falchion of Ash {holy, rPois}
  2905 | D:4      | Found a staircase to the Ecumenical Temple.
  2973 | D:4      | Reached XP level 6. HP: 15/51 MP: 5/5
  2988 | Temple   | Entered the Ecumenical Temple
  3105 | Temple   | Became a worshipper of Ru the Awakened
  3155 | D:4      | Noticed Natasha
  3161 | D:4      | Reached skill level 8 in Maces & Flails
  3165 | D:4      | Killed Natasha
  3336 | D:4      | Noticed Natasha
  3344 | D:4      | Killed Natasha
  3482 | D:5      | Entered Level 5 of the Dungeon
  3635 | D:6      | Noticed an ice beast
  3704 | D:5      | Noticed Pikel
  3961 | D:5      | Noticed Edmund
  4003 | D:5      | Killed Edmund
  4004 | D:5      | Reached skill level 9 in Maces & Flails
  4095 | D:5      | Found a hazy altar of Hepliaklqana.
  4150 | D:5      | HP: 2/51 [constriction (4)]
  4152 | D:5      | Constricted to death by Pikel

Illustrated notes

Levels and vault maps discovered:
D:1:      roderic_crop_circles_arrival_small, layout_loops_ring
D:2:      layout_loops_ring, shapermc_ecumenical_altar_gd, serial_shops,
          nicolae_shop_behind_doors, shop, shop, shop,
          nicolae_shop_getting_attention, minmay_misc_feat_rows
D:3:      layout_basic, lemuel_coloured_pillars_altar, grunt_dithmenos_smoke,
          chequers_mini_garden, minmay_misc_feat_pillars, bh_walls_and_bars,
          uniq_jessica
D:4:      layout_cave_pools, minmay_temple_entry_tees, uniq_natasha
D:5:      layout_basic, lemuel_doored_altar, nicolae_elevator_lobby_plus,
          uniq_crazy_yiuf_cottage, uniq_pikel, uniq_edmund
D:6:      layout_basic, mainiacjoe_overflow_large_starburst, uniq_maggie
Temple:   nicolae_temple_no_exploring_needed

Skill      XL: |  1  2  3  4  5  6 |
---------------+-------------------+-----
Maces & Flails | 3 4 5 6 7 9 |  9.1
Fighting       | |  3.6
Armour         | |  3.6
Shields        | |  3.6

Action                     |  1- 3 |  4- 6 || total
---------------------------+-------+-------++-------
  Melee: Flail             |    99 |   146 ||   245
         Headbutt          |    13 |    30 ||    43
         Morningstar       |       |    37 ||    37
  Evoke: Wand              |       |     3 ||     3
    Use: Scroll            |     1 |     4 ||     5
         Potion            |     1 |       ||     1
   Stab: Paralysed         |       |     4 ||     4
 Armour: Scale mail        |    30 |    70 ||   100
  Dodge: Dodged            |    37 |    66 ||   103
  Block: Buckler           |    18 |    32 ||    50
